 Dungeon Crawl Stone Soup version 0.31-a0-4-gefa6de2278 (webtiles) character file.

Game seed: 1510483138664009341

111225 jasper the Spry (level 16, -25/103 HPs)
             Began as a Deep Elf Conjurer on May 4, 2023.
             Was a High Priest of Vehumet.
             Annihilated by Arachne
             ... wielding a staff of poison
              (46 damage)
             ... on level 2 of the Spider Nest.
             The game lasted 01:02:53 (38285 turns).

jasper the Spry (Deep Elf Conjurer)                Turns: 38285, Time: 01:02:54

Health: -25/103    AC: 11    Str:  4    XL:     16   Next: 9%
Magic:  11/36      EV:  2    Int: 37    God:    Vehumet [*****.]
Gold:   1952       SH:  0    Dex: 19    Spells: 8/43 levels left

rFire   + . .        J - +3 demon blade (flame)
rCold   x . .        (no shield)
rNeg    + . .        w - +1 leather armour {rPois}
rPois   +            r - +0 helmet
rElec   .            f - +2 cloak
rCorr   +            c - +1 pair of gloves
SInv    .            t - +0 pair of boots of the Blacksmith {Rampage Will+ rCorr Stlth-}
Will    +....        K - amulet of magic regeneration
Stlth   +            n - ring of Kigufiar {Wiz Drain rN+ Will- Int+5}
HPRegen 0.37/turn    u - ring of the Amoeba {Fire Dex+6}
MPRegen 0.65/turn

%: rampage, wizardry (x1)
@: sleeping, slowed
A: no striking features
a: Renounce Religion


You were on level 2 of the Spider Nest.
You worshipped Vehumet.
Vehumet was extremely pleased with you.
You visited 6 branches of the dungeon, and saw 26 of its levels.
You also visited: Ossuary, Bailey, Ice Cave and Volcano.

You collected 3565 gold pieces.
You spent 1613 gold pieces at shops.

Inventory:

Hand Weapons
 J - a +3 demon blade of flaming (weapon)
Missiles
 q - 6 curare-tipped darts
 O - 3 throwing nets
Armour
 c - a +1 pair of gloves (worn)
 f - a +2 cloak (worn)
 r - a +0 helmet (worn)
 t - the +0 pair of boots of the Blacksmith (worn) {Rampage Will+ rCorr Stlth-}
   (You found it in a volcano)

   rCorr:     It protects you from acid and corrosion.
   Rampage:   It bestows one free step when moving towards enemies.
   Will:      It increases your willpower.
   Stlth:     It makes you less stealthy.
 w - a +1 leather armour of poison resistance (worn)
 y - a +2 kite shield
 Y - a +4 troll leather armour {Snorg}
Magical Staves
 R - a staff of air
Jewellery
 n - the ring of Kigufiar (left hand) {Wiz Drain rN+ Will- Int+5}
   (You acquired it on level 5 of the Dungeon)

   [ring of wizardry]

   It improves your spell success rate.
   Int:       It affects your intelligence (+5).
   rN:        It protects you from negative energy.
   Drain:     It drains your maximum health when unequipped.
   Will:      It decreases your willpower.
 s - the ring of Gampion {rCorr EV+5 Stlth+}
   (You found it in an ice cave)

   [ring of evasion]

   EV:        It affects your evasion (+5).
   rCorr:     It protects you from acid and corrosion.
   Stlth:     It makes you more stealthy.
 u - the ring of the Amoeba (right hand) {Fire Dex+6}
   (You found it on level 4 of the Dungeon)

   [ring of fire]

   It enhances your fire magic.
   Dex:       It affects your dexterity (+6).
   rF:        It protects you from fire.
   rC:        It makes you vulnerable to cold.
 A - a ring of see invisible
 K - an amulet of magic regeneration (around neck)
 M - a ring of positive energy
 U - the ring "Xukh" {*Corrode +Blink Fly MP+9}
   (You found it in an ice cave)

   [ring of magical power]

   MP:        It affects your magic capacity (+9).
   Fly:       It grants you flight.
   +Blink:    It lets you blink.
   *Corrode:  It may corrode you when you take damage.
Wands
 v - a wand of mindburst (2)
 F - a wand of polymorph (17)
 G - a wand of flame (30)
 V - a wand of acid (2)
 X - a wand of paralysis (12)
 Z - a wand of digging (5)
Scrolls
 a - a scroll of immolation
 e - 4 scrolls of amnesia
 h - 13 scrolls of teleportation
 j - a scroll of fog
 k - 2 scrolls of summoning
 o - 6 scrolls of identify
 p - 3 scrolls of silence
 E - 3 scrolls of fear
 H - a scroll of magic mapping
Potions
 b - 2 potions of magic
 d - a potion of berserk rage
 g - 4 potions of haste
 i - 5 potions of attraction
 l - 18 potions of curing
 m - 5 potions of might
 x - 3 potions of ambrosia
 z - 3 potions of resistance
 B - 6 potions of invisibility
 C - 2 potions of cancellation
 D - 5 potions of flight
 I - 4 potions of brilliance
 L - a potion of degeneration {unknown}
 N - 3 potions of heal wounds
 S - 6 potions of mutation
Miscellaneous
 P - a condenser vane (inert)
 Q - a phantom mirror
 T - a phial of floods
 W - a lightning rod (4/4)


   Skills:
 + Level 12.5 Fighting
 - Level 16.3 Dodging
 - Level 2.4 Stealth
 + Level 14.3 Spellcasting
 + Level 14.9 Conjurations
 - Level 5.1 Hexes
 - Level 3.3 Translocations
 + Level 12.5 Fire Magic
 - Level 6.1 Evocations


You had 8 spell levels left.
You knew the following spells:

 Your Spells              Type           Power      Damage    Failure   Level
a - Magic Dart            Conj           100%       1d8       0%          1
b - Searing Ray           Conj           100%       2d8       0%          2
c - Fulminant Prism       Conj/Hex       39%        3d17      1%          4
d - Iskenderun's Mystic   Conj/Tloc      76%        2d15      1%          4
e - Blink                 Tloc           100%       N/A       1%          2
f - Fireball              Conj/Fire      57%        3d22      1%          5
g - Mephitic Cloud        Conj/Pois/Air  59%        N/A       1%          3
h - Olgreb's Toxic Radia  Pois           26%        N/A       3%          4
i - Orb of Destruction    Conj           47%        9d12      1%          7
j - Swiftness             Air            26%        N/A       3%          3

Your spell library contained the following spells:

 Spells                   Type           Power      Damage    Failure   Level
 Lee's Rapid Deconstruct  Erth           13%        3d9*      8%          5
 Shock                    Conj/Air       100%       1d9       1%          1
 Slow                     Hex            100%       N/A       1%          1
 Poisonous Vapours        Pois/Air       52%        N/A       1%          2
 Confusing Touch          Hex            59%        N/A       1%          3
 Dazzling Flash           Conj/Hex       100%       N/A       1%          3
 Freezing Cloud           Conj/Ice/Air   29%        6-21      1%          5
 Iskenderun's Battlesphe  Conj           95%        2d14      1%          5
 Manifold Assault         Tloc           50%        N/A       2%          4
 Conjure Ball Lightning   Conj/Air       35%        3x3d11    2%          6
 Ozocubu's Armour         Ice            26%        N/A       3%          3
 Vampiric Draining        Necr           26%        2d7       3%          3
 Airstrike                Air            13%        2d(2-18)  3%          4
 Metabolic Englaciation   Hex/Ice        22%        N/A       10%         5
 Ignition                 Fire           54%        3d15      11%         8
 Simulacrum               Ice/Necr       13%        N/A       80%         6
 Storm Form               Tmut/Air       13%        N/A       100%        7
 Discord                  Hex            29%        N/A       100%        8


Dungeon Overview and Level Annotations

Branches:
Dungeon (15/15)            Temple (1/1) D:6            Lair (5/5) D:8
 Shoals (1/4) Lair:3       Spider (2/4) Lair:2        Slime (0/5) Lair:5
    Orc (2/2) D:9             Elf (0/3) Orc:2        Vaults (0/5) D:14
Ossuary (visited)          Bailey (visited)           IceCv (visited)
Volcano (visited)
 Depths: D:15

Altars:
Ashenzari
Cheibriados
Dithmenos
Elyvilon
Fedhas
Gozag
Hepliaklqana
Kikubaaqudgha
Makhleb
Nemelex Xobeh
Okawaru
Qazlal
Ru
Sif Muna
Trog
Uskayaw
Vehumet
Wu Jian
Xom
Yredelemnul
Zin
The Shining One
Jiyva

Shops:
D:6 [   D:7 (   D:9 !:*   D:11 (   Orc:2 ?[:!

Annotations:
D:6 1 runed translucent door, 13Fox's ghost, novice DsGl
D:9 1 runed translucent door, Demosthentine's ghost, journeyman DsGl
Spider:2 Aizul; Arachne


Message History

You take 28 damage, and have 15/103 hp.
MASSIVE DAMAGE!!
You now have 9/36 mp.
You feel much better.
You feel sick. Arachne casts a spell at you. The poison arrow misses you.
The wolf spider misses you. The wolf spider barely misses you.
The wolf spider misses you. The wolf spider bites you.
* * * LOW HITPOINT WARNING * * *
You regained 14 hp, and now have 29/103 hp.
Okay, then.
Casting: Iskenderun's Mystic Blast (safe; 1% risk of failure)
Confirm with . or Enter, or press ? or * to list all spells.
You erupt in a blast of force!
The mystic blast hits Aizul!
Aizul is lightly wounded.
Aizul is knocked back by the mystic blast.
The mystic blast hits Arachne!
Arachne is almost dead.
Arachne is knocked back by the mystic blast.
The mystic blast hits the wolf spider!
The wolf spider is almost dead.
The wolf spider is knocked back by the mystic blast.
The wolf spider slams into the rock wall!
You kill the wolf spider!
Vehumet accepts your kill.
You feel your power returning.
You feel sick.
You are no longer poisoned.
You hear a faint skittering sound. x3
Aizul coils herself and waves her upper body at you.
The poison arrow hits you!
You are poisoned.
You partially resist.
* * * LOW HITPOINT WARNING * * *
You take 13 damage, and have 16/103 hp.
You feel better.
Arachne says, "No one escapes my webs."
Arachne completely misses you.
A culicivora comes into view.
Aizul coils herself and waves her upper body at you.
You fall asleep.
Arachne hits you with a staff of poison!!!
You die...

.†.. ##.. ##...
..s. #.w# #..# #
#..# .# #H## .##
#@†### ...#
#....##...#
##w..S..†#
#......###
#......<## #....
#.......##. ##....
#.s.....##.###.....
###.....##.........
#.####.# .........


You could see Arachne, Aizul, 2 torpor snails and 2 culicivoras.

Vanquished Creatures
  A golden dragon (IceCv)
  Jorgrun (Orc:1)
  Asterion (Spider:1)
  Donald (Spider:1)
  An orc warlord (Orc:2)
  A broodmother (Spider:1)
  A spark wasp (Spider:1)
  Snorg (Lair:4)
  3 hydras
  3 vault guards (D:14)
  5 ice dragons (IceCv)
  Erolcha (D:10)
  5 ogre magi
  A centaur warrior (D:15)
  2 radroaches (Spider:1)
  6 two-headed ogres
  4 catoblepae
  3 tengu warriors
  3 boulder beetles
  16 death yaks
  Nergalle (Orc:2)
  An orc high priest (Orc:2)
  4 sea snakes (Shoals:1)
  A skyshark (Shoals:1)
  3 pharaoh ants (Spider:1)
  A deep elf archer (D:14)
  A wizard (D:14)
  3 orb spiders
  An orange crystal statue (IceCv)
  2 ugly things
  2 deep elf pyromancers
  6 orc sorcerers (Orc:2)
  4 orc knights
  8 wolf spiders
  7 manticores
  5 salamanders (Volcano)
  3 cyclopes
  An oklob plant (Lair:2)
  An ice statue (Spider:1)
  10 elephants
  A demonic crawler (Spider:1)
  A torpor snail (Lair:4)
  5 cane toads
  7 black mambas
  4 storm dragon simulacra (IceCv)
  A komodo dragon (Lair:1)
  Maggie (D:10)
  An efreet (D:15)
  A kobold demonologist (D:12)
  5 golden dragon simulacra (IceCv)
  A tengu conjurer (D:14)
  3 meliai (Spider:1)
  2 polar bears (Lair:2)
  2 merfolk (Shoals:1)
  6 trolls
  13 tarantellas
  A queen bee (Spider:1)
  3 blink frogs (Lair:2)
  16 jumping spiders
  A snapping turtle (Shoals:1)
  3 slime creatures (D:13)
  2 shadows (D:11)
  6 culicivoras (Spider:1)
  2 wraiths
  6 wyverns
  3 fire bats (Volcano)
  5 basilisks
  44 yaks
  A human (D:14)
  The ghost of superbruh the Trooper, an amateur DsMo (D:4)
  25 redbacks
  A steam dragon (D:8)
  Grum (Bailey)
  7 wargs
  Duvessa (D:4)
  An acid dragon (D:10)
  Edmund (D:4)
  A water moccasin (shapeshifter) (D:14)
  6 water moccasins
  2 ice beasts
  2 hell hounds (Volcano)
  23 orc warriors
  6 ice dragon simulacra (IceCv)
  3 black bears
  10 ogres
  19 centaurs
  4 wolves (Bailey)
  A kobold brigand (D:5)
  A phantom (D:4)
  5 elf zombies (Ossuary)
  Blork the orc (D:4)
  10 bullfrogs
  6 gnoll sergeants (Bailey)
  3 scorpions
  8 wights
  Dowan (D:4)
  17 killer bees
  6 lindwurm simulacra (IceCv)
  3 electric eels (Spider:1)
  2 human zombies (Ossuary)
  13 orc priests
  2 centaur zombies (Ossuary)
  10 gnoll boudas
  5 hounds
  Crazy Yiuf (D:5)
  5 jellies (Lair:2)
  Terence (D:2)
  7 iguanas
  A sleepcap (D:7)
  35 orc wizards
  Ijyb (D:4)
  4 mummies
  Robin (D:4)
  22 gnolls
  9 adders
  2 river rats (D:3)
  3 white imps
  2 ufetubi (D:5)
  3 adder zombies (Ossuary)
  9 worms
  4 dart slugs
  65 orcs
  8 ball pythons
  24 endoplasms
  3 giant cockroaches
  A gnoll zombie (Ossuary)
  25 goblins
  5 hobgoblins
  11 kobolds
  5 quokkas
  3 bats
  4 frilled lizards
  5 goblin zombies
  2 hobgoblin zombies (Ossuary)
  A jackal zombie (Ossuary)
  5 kobold zombies
  An orc zombie (Ossuary)
  4 quokka zombies (Ossuary)
  11 rats
  4 rat zombies (Ossuary)
777 creatures vanquished.

Vanquished Creatures (collateral kills)
  Gastronok (Lair:2)
  A cyclops (D:11)
2 creatures vanquished.

Vanquished Creatures (others)
  An unseen horror (D:11)
  An acid dragon (D:14)
  54 fulminant prisms
  23 fungi
  28 plants
  4 withered plants
111 creatures vanquished.

Grand Total: 890 creatures vanquished

Notes
Turn   | Place    | Note
-------+----------+-------------------------------------------
     0 | D:1      | jasper the Deep Elf Conjurer began the quest for the Orb.
     0 | D:1      | Reached XP level 1. HP: 10/10 MP: 6/6
   281 | D:1      | Reached XP level 2. HP: 16/16 MP: 6/8
   284 | D:1      | Learned a level 2 spell: Searing Ray
   487 | D:1      | Reached skill level 5 in Conjurations
   975 | D:2      | Reached skill level 1 in Fighting
   982 | D:2      | Reached XP level 3. HP: 13/20 MP: 1/9
  1341 | D:2      | Noticed Terence
  1375 | D:2      | Reached XP level 4. HP: 12/25 MP: 5/10
  1380 | D:2      | Learned a level 4 spell: Fulminant Prism
  1808 | D:2      | Reached skill level 1 in Hexes
  2299 | D:3      | Reached XP level 5. HP: 30/30 MP: 3/11
  2597 | D:3      | Found a white marble altar of Elyvilon.
  3523 | D:4      | Noticed an ice beast
  3528 | D:4      | Noticed Ijyb
  3635 | D:4      | Noticed Robin
  3642 | D:4      | Killed Robin
  3788 | D:4      | Noticed superbruh's ghost (amateur DsMo)
  3789 | D:4      | Found a runed translucent door.
  3849 | D:4      | Killed an ice beast
  3850 | D:4      | Reached XP level 6. HP: 36/36 MP: 4/12
  3850 | D:4      | Killed Ijyb
  4080 | D:4      | Identified the ring of the Amoeba {Fire Dex+6}
  4211 | D:4      | Found an iron altar of Okawaru.
  4211 | D:4      | Found a snail-covered altar of Cheibriados.
  4211 | D:4      | Found a stormy altar of Qazlal.
  4415 | D:4      | Noticed Edmund
  4415 | D:4      | Noticed Blork the orc
  4426 | D:4      | Killed Blork the orc
  4427 | D:4      | Reached skill level 5 in Hexes
  4427 | D:4      | Reached XP level 7. HP: 31/40 MP: 1/13
  4516 | D:4      | Learned a level 4 spell: Iskenderun's Mystic Blast
  4660 | D:5      | Entered Level 5 of the Dungeon
  4669 | D:5      | Reached skill level 1 in Translocations
  5234 | D:5      | Found a bloodstained altar of Trog.
  5316 | D:5      | Found a runed translucent door.
  5317 | D:5      | Noticed Crazy Yiuf
  5326 | D:5      | Killed Crazy Yiuf
  5408 | D:5      | Found a blossoming altar of Fedhas.
  5809 | D:5      | Reached XP level 8. HP: 14/46 MP: 1/14
  6175 | D:5      | Reached skill level 3 in Dodging
  6489 | D:5      | Identified a scroll of acquirement
  6489 | D:5      | Acquired the ring of Kigufiar {Wiz Drain rN+ Will- Int+5}
  6681 | D:6      | Found a staircase to the Ecumenical Temple.
  6690 | Temple   | Entered the Ecumenical Temple
  6690 | Temple   | Found a transporter.
  6690 | Temple   | Found a transporter.
  6692 | Temple   | Found a transporter.
  6692 | Temple   | Found a transporter.
  6810 | D:6      | Reached skill level 4 in Dodging
  6959 | D:6      | Reached skill level 5 in Dodging
  7031 | D:6      | Found Geulelot's Armour Boutique.
  7040 | D:6      | Bought a +0 pair of gloves for 54 gold pieces
  7181 | D:6      | You fall into a shaft and drop 1 floor!
  7181 | D:7      | Found a sacrificial altar of Ru.
  7222 | D:7      | Reached skill level 6 in Dodging
  7359 | D:7      | Found Nodeon's Weapon Shop.
  7720 | D:7      | Reached skill level 7 in Dodging
  8117 | D:8      | Reached XP level 9. HP: 49/53 MP: 2/15
  8383 | D:8      | Reached skill level 5 in Fighting
  8383 | D:8      | Reached skill level 8 in Dodging
  8621 | D:8      | Found a shimmering altar of Xom.
  8646 | D:8      | Found a sand-covered staircase.
  8656 | Ossuary  | Entered an ossuary
  8888 | Ossuary  | Reached skill level 9 in Dodging
  9671 | D:8      | Found a hazy altar of Hepliaklqana.
  9671 | D:8      | Found a hide-covered altar of Uskayaw.
 10064 | D:8      | Found a staircase to the Lair.
 10422 | D:9      | Reached skill level 10 in Dodging
 10930 | D:2      | Killed Terence
 11068 | D:4      | Noticed Dowan
 11107 | D:4      | Noticed Duvessa
 11118 | D:4      | Killed Duvessa
 11119 | D:4      | Killed Dowan
 11374 | D:4      | Found a radiant altar of Vehumet.
 11520 | D:4      | Became a worshipper of Vehumet
 11683 | D:4      | Killed Edmund
 11873 | D:4      | Killed superbruh's ghost
 11874 | D:4      | Reached skill level 11 in Dodging
 11874 | D:4      | Reached XP level 10. HP: 40/59 MP: 3/16
 12198 | D:6      | Found a runed translucent door.
 12198 | D:6      | Noticed 13Fox's ghost (novice DsGl)
 13029 | D:9      | Found a runed translucent door.
 13029 | D:9      | Noticed Demosthentine's ghost (journeyman DsGl)
 13189 | D:9      | Found a staircase to the Orcish Mines.
 13317 | D:9      | Found Dicaollu's Assorted Antiques.
 13320 | D:9      | Bought a scroll of teleportation for 90 gold pieces
 13320 | D:9      | Bought a glowing coppery potion for 27 gold pieces
 13320 | D:9      | Bought a scroll labelled JUTTYI MUSOTIU for 30 gold pieces
 13444 | D:9      | Noticed a two-headed ogre
 13452 | D:9      | Killed a two-headed ogre
 13453 | D:9      | Reached skill level 12 in Dodging
 13524 | D:9      | Found Cusoen Vida's Book Boutique.
 13527 | D:9      | Bought an Inescapable Atlas for 448 gold pieces
 13530 | D:9      | Learned a level 2 spell: Blink
 13562 | D:9      | Found Yxupnafy's Distillery.
 13570 | D:9      | Bought a potion of curing for 33 gold pieces
 13570 | D:9      | Bought a potion of curing for 33 gold pieces
 13570 | D:9      | Bought a potion of curing for 33 gold pieces
 13665 | D:10     | Entered Level 10 of the Dungeon
 13749 | D:10     | Noticed Maggie
 13754 | D:10     | Killed Maggie
 13774 | D:10     | Found a flagged portal.
 13793 | Bailey   | Entered a bailey
 13900 | Bailey   | Reached * piety under Vehumet
 13900 | Bailey   | Offered knowledge of Sandblast by Vehumet.
 13922 | Bailey   | Reached skill level 5 in Spellcasting
 13929 | Bailey   | Learned a level 5 spell: Fireball
 14011 | Bailey   | Reached skill level 1 in Fire Magic
 14312 | Bailey   | Noticed Grum
 14316 | Bailey   | Killed Grum
 14702 | D:10     | Noticed Erolcha
 15674 | D:11     | Noticed a manticore
 15695 | D:11     | Killed a manticore
 15696 | D:11     | Reached XP level 11. HP: 15/67 MP: 8/20
 16023 | D:11     | Reached ** piety under Vehumet
 16095 | D:11     | Found an iron altar of Okawaru.
 16100 | D:11     | Reached skill level 5 in Fire Magic
 16104 | D:11     | Offered knowledge of Static Discharge by Vehumet.
 16206 | D:11     | Noticed a two-headed ogre
 16208 | D:11     | Killed a two-headed ogre
 16209 | D:11     | Reached skill level 10 in Conjurations
 16245 | D:11     | Noticed a white ugly thing
 16258 | D:11     | Killed a white ugly thing
 16638 | D:11     | Found Midofeuz's Weapon Shoppe.
 16876 | D:11     | Noticed a boulder beetle
 16903 | D:11     | Learned a level 3 spell: Mephitic Cloud
 17066 | Lair:1   | Entered Level 1 of the Lair of Beasts
 17796 | Lair:2   | Reached skill level 13 in Dodging
 17820 | Lair:2   | Noticed Gastronok
 17927 | Lair:2   | Offered knowledge of Hailstorm by Vehumet.
 17943 | Lair:2   | Found a dark tunnel.
 18026 | Volcano  | Entered a volcano
 18074 | Volcano  | Reached skill level 1 in Evocations
 18086 | Volcano  | Identified the +0 pair of boots of the Blacksmith {Rampage
                  | Will+ rCorr Stlth-}
 18274 | Volcano  | Reached *** piety under Vehumet
 18275 | Volcano  | Reached XP level 12. HP: 47/76 MP: 6/23
 18276 | Volcano  | Reached skill level 5 in Evocations
 19189 | Lair:2   | Killed Gastronok
 19199 | Lair:2   | Learned a level 4 spell: Olgreb's Toxic Radiance
 19469 | Lair:2   | Found a hole to the Spider Nest.
 19625 | Lair:2   | Offered knowledge of Volatile Blastmotes by Vehumet.
 20093 | Lair:3   | Reached skill level 10 in Spellcasting
 20205 | Lair:3   | Found a staircase to the Shoals.
 20619 | Lair:3   | Learned a level 7 spell: Orb of Destruction
 20781 | Lair:3   | Found a sparkling altar of Nemelex Xobeh.
 20832 | Lair:3   | Noticed a boulder beetle
 20843 | Lair:3   | Killed a boulder beetle
 21022 | Lair:3   | Reached **** piety under Vehumet
 21049 | Lair:3   | Offered knowledge of Ignite Poison by Vehumet.
 21392 | Lair:3   | Reached XP level 13. HP: 80/80 MP: 22/30
 22052 | Lair:4   | Noticed Snorg
 22058 | Lair:4   | Killed Snorg
 22508 | Lair:4   | Reached skill level 14 in Dodging
 22990 | Orc:1    | Entered Level 1 of the Orcish Mines
 22992 | Orc:1    | Noticed Jorgrun
 23368 | Orc:1    | Killed Jorgrun
 23671 | Orc:2    | Entered Level 2 of the Orcish Mines
 23998 | Orc:2    | Reached ***** piety under Vehumet
 24003 | Orc:2    | Noticed an orc warlord
 24023 | Orc:2    | Offered knowledge of Flame Wave by Vehumet.
 24029 | Orc:2    | Killed an orc warlord
 24659 | Orc:2    | Found a staircase to the Elven Halls.
 24764 | Orc:2    | Found Qoikh's Magic Scroll Boutique.
 24880 | Orc:2    | Reached skill level 10 in Fighting
 24996 | Orc:2    | Bought a scroll of blinking for 120 gold pieces
 24996 | Orc:2    | Bought a scroll of teleportation for 48 gold pieces
 24996 | Orc:2    | Bought a scroll of immolation for 64 gold pieces
 25028 | Orc:2    | Found a radiant altar of Vehumet.
 25049 | Orc:2    | Found Ycifeix's Book Shop.
 25053 | Orc:2    | Noticed Nergalle
 25077 | Orc:2    | Killed Nergalle
 25233 | Orc:2    | Found an ancient bone altar of Kikubaaqudgha.
 25401 | Orc:2    | Found Uricriu's Distillery.
 25434 | Orc:2    | Bought a potion of haste for 160 gold pieces
 25434 | Orc:2    | Bought a potion of heal wounds for 80 gold pieces
 25434 | Orc:2    | Bought a potion of curing for 48 gold pieces
 25434 | Orc:2    | Bought a potion of heal wounds for 80 gold pieces
 25434 | Orc:2    | Bought a potion of curing for 48 gold pieces
 25483 | Orc:2    | Found Luolyta's Antique Armour Shop.
 25491 | Orc:2    | Bought a runed cloak for 217 gold pieces
 25795 | Orc:1    | Reached skill level 15 in Dodging
 26179 | Lair:5   | Entered Level 5 of the Lair of Beasts
 26361 | Lair:5   | Found a viscous altar of Jiyva.
 26362 | Lair:5   | Found a staircase to the Slime Pits.
 26375 | Lair:5   | Offered knowledge of Irradiate by Vehumet.
 26469 | Lair:5   | Reached XP level 14. HP: 58/88 MP: 13/31
 27826 | Lair:5   | Learned a level 3 spell: Swiftness
 28110 | D:10     | Killed Erolcha
 28111 | D:10     | Reached skill level 10 in Fire Magic
 28601 | D:12     | Reached skill level 16 in Dodging
 30708 | D:14     | Offered knowledge of Starburst by Vehumet.
 31191 | D:14     | Found a gate to the Vaults.
 32266 | D:15     | Entered Level 15 of the Dungeon
 32468 | D:15     | Reached XP level 15. HP: 43/95 MP: 19/33
 33114 | D:15     | Noticed a frost giant
 33444 | Shoals:1 | Entered Level 1 of the Shoals
 34254 | Spider:1 | Entered Level 1 of the Spider Nest
 34448 | Spider:1 | Noticed Asterion
 34454 | Spider:1 | Killed Asterion
 34840 | Spider:1 | Found a frozen archway.
 34867 | IceCv    | Entered an ice cave
 35608 | IceCv    | Noticed a golden dragon
 35627 | IceCv    | Killed a golden dragon
 35713 | IceCv    | Identified the ring of Gampion {rCorr EV+5 Stlth+}
 35715 | IceCv    | Identified the ring "Xukh" {*Corrode +Blink Fly MP+9}
 36047 | Spider:1 | Offered knowledge of Yara's Violent Unravelling by Vehumet.
 36765 | Spider:1 | Noticed Donald
 36803 | Spider:1 | Killed Donald
 37684 | Spider:1 | Reached XP level 16. HP: 103/103 MP: 31/36
 37686 | Spider:1 | Offered knowledge of Lee's Rapid Deconstruction by Vehumet.
 37905 | Spider:2 | Noticed Arachne
 38093 | Spider:2 | Noticed Aizul
 38285 | Spider:2 | Annihilated by Arachne

Illustrated notes

Levels and vault maps discovered:
D:1:      evilmike_arrival_rings, layout_basic, serial_forest,
          infiniplex_forest_clump_diagonal, infiniplex_forest_straight_4,
          infiniplex_forest_end_2, infiniplex_forest_diagonal
D:2:      layout_loops_ring, uniq_terence
D:3:      layout_basic, elyvilon_altar_1, serial_curves, eino_curves_04,
          eino_curves_03, gup_sewer_entry_spiral, st_stairs_2
D:4:      layout_gridville, nicolae_overflow_hidden_temple,
          gammafunk_temple_overflow_forgotten, hellmonk_ghost_happy_afterlife,
          uniq_edmund, uniq_duvessa, uniq_blork_the_orc, uniq_robin, uniq_ijyb
D:5:      cheibrodos_thug_alley, layout_loops_corners, trog_book,
          amcnicky_altar_gilded, uniq_crazy_yiuf_cottage
D:6:      layout_loops_ring, minmay_temple_entry_large_hall,
          gammafunk_ghost_grave, kennysheep_small_square
D:7:      layout_gridville, nicolae_ru_awakened_eye, serial_shops,
          shop_fountains
D:8:      layout_cave_pods, xom_butterflies, mainiacjoe_overflow_catwalk_spiral,
          lair_entry_dummy, nicolae_ossuary_entry_giza
D:9:      layout_basic, erik_orc_3, gammafunk_ghost_grave, serial_shops,
          nicolae_shop_real_fake_doors, nicolae_shop_industrial_runoff,
          kennysheep_mini_moat
D:10:     layout_roguey, enter_bailey_5, uniq_maggie, uniq_erolcha
D:11:     layout_roguey, serial_shops, nicolae_shop_statue_plus, okawaru_trees_1
D:12:     layout_loops_corners
D:13:     layout_rooms
D:14:     layout_layer_cave, grunt_vaults_entry_fortified,
          minmay_misc_feat_doors
D:15:     grunt_enter_depths_snipers, layout_loops_ring,
          minmay_misc_feat_more_columns, nicolae_twisting_strands
Temple:   hellmonk_temple_divided_pantheon
Lair:1:   layout_big_grid, chequers_serial_rivers_marsh
Lair:2:   lemuel_slime, layout_cave_shapes, spider_nest_entry_webs,
          enter_volcano_2, uniq_gastronok
Lair:3:   layout_cave_pods, elwin_shoals_entry_rocks, basic_altar,
          nzn_sisyphean_effort, grunt_megastairs_4
Lair:4:   layout_roguey, uniq_snorg
Lair:5:   evilmike_catoblepas_cave, layout_cave_shapes, slime_entry_1,
          gauntlet_entry_generic
Shoals:1: layout_shoals, uniq_frances, uniq_nikola
Spider:1: layout_spider_delve, portal_ice_cave_entry_ice_statue_one,
          hive_lemuel, uniq_asterion, uniq_donald
Spider:2: layout_chambers, uniq_aizul, uniq_arachne
Orc:1:    layout_caves, uniq_jorgrun
Orc:2:    kennysheep_orc_mage_school, layout_caves

Skill      XL: |  1  2  3  4  5  6  7  8  9 10 11 12 13 14 15 |
---------------+----------------------------------------------+-----
Conjurations   | 5 6 7 8 9 10 12 13 14 | 14.9
Fighting       | 1 2 3 4 6 7 9 10 11 12 | 12.5
Hexes          | 1 4 5 |  5.1
Translocations | 3 |  3.3
Dodging        | 7 11 12 13 15 16 | 16.3
Spellcasting   | 5 6 11 12 14 | 14.3
Fire Magic     | 4 5 6 8 10 12 | 12.5
Evocations     | 4 6 |  6.1
Stealth        | |  2.4

Action                     |  1- 3 |  4- 6 |  7- 9 | 10-12 | 13-15 | 16-18 || total
---------------------------+-------+-------+-------+-------+-------+-------++-------
  Melee: Short sword       |     1 |       |       |       |       |       ||     1
         Trident           |       |     2 |     4 |       |       |       ||     6
         Quarterstaff      |       |       |     5 |       |       |       ||     5
         Dire flail        |       |       |    80 |    84 |       |       ||   164
         Demon blade       |       |       |       |    51 |   107 |     5 ||   163
         Punch             |       |       |       |     1 |     2 |       ||     3
  Throw: Dart              |       |       |     1 |       |       |       ||     1
         Throwing net      |       |       |       |     1 |       |       ||     1
   Cast: Magic Dart        |    46 |    59 |    84 |    60 |     5 |       ||   254
         Searing Ray       |     6 |    24 |    43 |    17 |       |       ||    90
         Fulminant Prism   |       |     5 |    21 |    17 |    11 |       ||    54
         Iskenderun's Myst |       |       |    41 |    65 |    74 |    10 ||   190
         Fireball          |       |       |       |    99 |   355 |    22 ||   476
         Olgreb's Toxic Ra |       |       |       |     7 |    33 |       ||    40
         Mephitic Cloud    |       |       |       |     2 |     5 |       ||     7
         Orb of Destructio |       |       |       |       |    37 |       ||    37
  Evoke: Wand              |       |       |     3 |    28 |     5 |       ||    36
         Condenser vane    |       |       |       |     3 |     5 |       ||     8
         Phantom mirror    |       |       |       |     2 |     1 |       ||     3
         Lightning rod     |       |       |       |       |    12 |       ||    12
    Use: Scroll            |     3 |       |    14 |    11 |     5 |       ||    33
         Potion            |       |       |     1 |     1 |     3 |     3 ||     8
   Stab: Sleeping          |       |       |     1 |       |       |       ||     1
         Confused          |       |       |       |     2 |     1 |       ||     3
         Distracted        |       |       |       |     1 |       |       ||     1
 Armour: Robe              |     3 |     4 |    31 |     2 |       |       ||    40
         Steam dragon scal |       |       |       |    34 |       |       ||    34
         Troll leather arm |       |       |       |       |    53 |       ||    53
         Leather armour    |       |       |       |       |     8 |     8 ||    16
  Dodge: Dodged            |     3 |    13 |   106 |   243 |   260 |    22 ||   647

Table legend: (Time is in decaauts)
 A = Elapsed time spent in this place.
 B = Non-inter-level travel time spent in this place.
 C = Inter-level travel time spent in this place.
 D = Time resting spent in this place.
 E = Time spent auto-exploring this place.
 F = Levels seen in this place.
 G = Mean time per level.
                   A        B        C        D        E       F      G
               +--------+--------+--------+--------+--------+-----+--------+
         Total |  38561 |  35914 |   2647 |   4880 |  26535 |  30 | 1285.4 |
       Dungeon |  21217 |  19421 |   1796 |   1740 |  15677 |  15 | 1414.5 |
        Temple |     38 |     29 |      9 |      0 |      1 |   1 |   38.0 |
          Lair |   7737 |   7060 |    677 |   1632 |   4463 |   5 | 1547.4 |
        Shoals |    359 |    359 |      0 |     10 |    280 |   1 |  359.0 |
   Spider Nest |   2970 |   2895 |     75 |    427 |   2116 |   2 | 1485.0 |
  Orcish Mines |   2665 |   2578 |     87 |    345 |   1880 |   2 | 1332.5 |
       Ossuary |    946 |    946 |      0 |     19 |    742 |   1 |  946.0 |
        Bailey |    908 |    908 |      0 |    161 |    551 |   1 |  908.0 |
      Ice Cave |   1071 |   1071 |      0 |    430 |    424 |   1 | 1071.0 |
       Volcano |    645 |    645 |      0 |    115 |    399 |   1 |  645.0 |
               +--------+--------+--------+--------+--------+-----+--------+

Top non-repeatable levels by time:
Spider:1: 2858 daAuts
    D:14: 2276 daAuts
     D:5: 2126 daAuts
     D:9: 2038 daAuts
  Lair:2: 2023 daAuts
     D:4: 1966 daAuts
   Orc:2: 1874 daAuts
  Lair:3: 1819 daAuts
    D:11: 1639 daAuts
  Lair:5: 1546 daAuts
     D:3: 1539 daAuts
     D:8: 1470 daAuts
     D:2: 1333 daAuts
  Lair:4: 1247 daAuts
    D:12: 1234 daAuts
